 Dungeon Crawl Stone Soup version 0.29-a0-575-g0dc89cf053 (webtiles) character file.

Game seed: 5184935075440313232

98 xian the Conjurer (level 4, 0/24 HPs)
             Began as a Deep Elf Conjurer on June 12, 2022.
             Killed by nerve-wracking pain
             ... invoked by a shadow imp
             ... summoned by Natasha
              (9 damage)
             ... on level 3 of the Dungeon.
             The game lasted 00:03:07 (2463 turns).

xian the Conjurer (Deep Elf Conjurer)               Turns: 2463, Time: 00:03:08

Health: 0/24       AC:  2    Str:  4    XL:     4   Next: 43%
Magic:  2/11       EV: 12    Int: 25    God:
Gold:   80         SH:  0    Dex: 13    Spells: 7/10 levels left

rFire   . . .      SeeInvis .   i - +0 dagger
rCold   . . .      Faith    .   (no shield)
rNeg    . . .      Spirit   .   a - +0 robe
rPois   .          Reflect  .   (no helmet)
rElec   .          Harm     .   (no cloak)
rCorr   .          Rampage  .   (no gloves)
Will    .....                   (no boots)
Stlth   ++........              (no amulet)
HPRegen 0.08/turn               (no ring)
MPRegen 0.12/turn               (no ring)

@: no status effects
A: no striking features
a: no special abilities


You were on level 3 of the Dungeon.
You visited 1 branch of the dungeon, and saw 3 of its levels.

You collected 80 gold pieces.

Inventory:

Hand Weapons
 i - a +0 dagger (weapon)
Armour
 a - a +0 robe (worn)
Scrolls
 e - 2 scrolls of teleportation
 j - a scroll of fear
Potions
 b - a potion of magic
 c - a potion of lignification
 d - a potion of mutation
 f - 5 potions of curing
 g - a potion of attraction {unknown}
 h - a potion of degeneration {unknown}


   Skills:
 + Level 2.6 Dodging
 + Level 3.2 Stealth
 + Level 3.9 Spellcasting
 + Level 5.8 Conjurations


You had 7 spell levels left.
You knew the following spells:

 Your Spells              Type           Power      Damage    Failure   Level
a - Magic Dart            Conj           100%       1d8       1%          1
b - Searing Ray           Conj           68%        2d6       1%          2

Your spell library contained the following spells:

 Spells                   Type           Power      Damage    Failure   Level
 Dazzling Flash           Conj/Hex       38%        N/A       9%          3
 Fulminant Prism          Conj/Hex       9%         3d7       28%         4
 Iskenderun's Mystic Bla  Conj/Tloc      19%        2d6       28%         4


Dungeon Overview and Level Annotations

Branches:
Dungeon (3/15)

Altars:

Annotations:
D:3 Natasha


Message History

The crimson imp is heavily wounded.
Natasha mumbles some strange words.
The crimson imp blinks!
The magic dart hits the crimson imp but does no damage.
The crimson imp is heavily wounded.
Natasha mumbles some strange words.
The magic dart hits the crimson imp.
The crimson imp is heavily wounded.
The magic dart hits the crimson imp!
You kill the crimson imp!
The crimson imp disappears in a puff of smoke!
Natasha casts a spell.
The magic dart hits the crimson imp.
The crimson imp is moderately wounded.
The iron imp disappears for a moment.
The magic dart hits the crimson imp.
The crimson imp is moderately wounded.
The crimson imp blinks!
The magic dart hits the iron imp.
The iron imp is lightly wounded.
The crimson imp blinks!
Natasha claws you.
Casting: Magic Dart (safe; 1% risk of failure)
Confirm with . or Enter, or press ? or * to list all spells.
Aiming: Searing Ray (safe; 1% risk of failure)
Press: ? - help, Shift-Dir - straight line, f/p - iron imp
Aim: an iron imp (lightly wounded, summoned, 86% to hit)
The searing ray hits Natasha!
Natasha is heavily wounded.
The searing ray hits the iron imp.
The iron imp is moderately wounded. (Press . to maintain the ray.) Natasha claws you.
You hit Natasha.
Natasha is heavily wounded.
The iron imp hits you!
Natasha drinks a potion.
Natasha is healed!
You closely miss Natasha. The iron imp barely misses you.
Natasha closely misses you.
The crimson imp blinks!
The shadow imp gestures at you. Pain shoots through your body!
You die...

#............#+#'## #
##....#######.....# #
#....# #...[.####
#....# #)........
#....# #..........
#....# #..........
#....# #..........
#....# #..........
#...@######..........
#..5h55.[............
###..................
#...........####...
#........... #.#.
#......... #.#.
#......... #.##
#...ยง.....
#.........


You could see an iron imp (summoned), Natasha, a crimson imp (summoned) and a
shadow imp (summoned).

Vanquished Creatures
  Jessica (D:2)
  An adder (D:2)
  2 worms
  3 dart slugs
  7 ball pythons
  6 endoplasms
  A giant cockroach (D:2)
  2 goblins
  3 hobgoblins
  3 jackals (D:3)
  4 kobolds
  5 quokkas
  4 bats (D:2)
  2 frilled lizards
  4 rats
48 creatures vanquished.

Notes
Turn   | Place    | Note
-------+----------+-------------------------------------------
     0 | D:1      | xian the Deep Elf Conjurer began the quest for the Orb.
     0 | D:1      | Reached XP level 1. HP: 10/10 MP: 6/6
   304 | D:1      | Reached XP level 2. HP: 15/15 MP: 5/8
   563 | D:1      | Found a faded altar of an unknown god.
   564 | D:1      | Noticed an eye of devastation
   571 | D:1      | Noticed a great orb of eyes
   576 | D:1      | Reached skill level 5 in Conjurations
   626 | D:1      | Noticed a golden eye
   630 | D:1      | Noticed a great orb of eyes
  1247 | D:2      | Reached XP level 3. HP: 15/19 MP: 2/9
  1329 | D:2      | Learned a level 2 spell: Searing Ray
  1768 | D:2      | Noticed Jessica
  1771 | D:2      | Killed Jessica
  1772 | D:2      | Reached XP level 4. HP: 24/24 MP: 7/11
  2451 | D:3      | Noticed Natasha
  2463 | D:3      | Killed from afar by a shadow imp

Illustrated notes

Levels and vault maps discovered:
D:1:      dpeg_arrival_central, layout_loops_corners,
          hellmonk_ecumenical_altar_watching_god,
          nicolae_concentric_dashed_squares_wild, st_stairs_3, dk_noncrumbling_3
D:2:      layout_loops_ring, st_stairs_8, uniq_jessica
D:3:      layout_basic, uniq_natasha

Skill      XL: |  1  2  3 |
---------------+----------+-----
Conjurations   | 5 |  5.8
Stealth        | 3 |  3.2
Dodging        | |  2.6
Spellcasting   | |  3.9

Action                   |  1- 3 |  4- 6 || total
-------------------------+-------+-------++-------
Melee: Dagger            |       |     2 ||     2
 Cast: Magic Dart        |    64 |    39 ||   103
       Searing Ray       |       |     1 ||     1
  Use: Scroll            |     7 |     1 ||     8
Dodge: Dodged            |     1 |     3 ||     4

Table legend: (Time is in decaauts)
 A = Elapsed time spent in this place.
 B = Non-inter-level travel time spent in this place.
 C = Inter-level travel time spent in this place.
 D = Time resting spent in this place.
 E = Time spent auto-exploring this place.
 F = Levels seen in this place.
 G = Mean time per level.
                   A        B        C        D        E       F      G
               +--------+--------+--------+--------+--------+-----+--------+
         Total |   2462 |   2411 |     51 |      0 |   2184 |   3 |  820.7 |
       Dungeon |   2462 |   2411 |     51 |      0 |   2184 |   3 |  820.7 |
               +--------+--------+--------+--------+--------+-----+--------+

Top non-repeatable levels by time:
     D:1: 1181 daAuts
     D:2: 1088 daAuts
     D:3: 191 daAuts
